 Dungeon Crawl Stone Soup version 0.22-a0-185-ge330310 (webtiles) character file.

88 rlgrobin the Skirmisher (level 4, 0/49 HPs)
             Began as an Ogre Berserker on Feb 15, 2018.
             Was a Believer of Trog.
             Killed from afar by an orc wizard (5 damage)
             ... with a puff of flame
             ... on level 3 of the Dungeon.
             The game lasted 00:05:01 (1732 turns).

rlgrobin the Skirmisher (Ogre Berserker)            Turns: 1732, Time: 00:05:02

Health: 0/49       AC:  3    Str: 22    XL:     4   Next: 54%
Magic:  4/4        EV: 22    Int:  8    God:    Trog [**....]
Gold:   97         SH:  7    Dex:  8    Spells: 3/3 levels left

rFire    . . .     SeeInvis .   a - +0 hand axe
rCold    . . .     Gourm    .   f - +0 shield
rNeg     . . .     Faith    .   b - +0 animal skin
rPois    .         Spirit   .   (helmet restricted)
rElec    .         Reflect  .   (no cloak)
rCorr    .         Harm     .   (gloves unavailable)
MR       .....                  (boots unavailable)
Stlth    +.........             g - amulet of the acrobat
HPRegen  0.16/turn              (no ring)
MPRegen  0.09/turn              (no ring)

@: berserk cooldown, slowed, very slow
A: large, unfitting armour, tough skin 1
a: Berserk, Trog's Hand, Burn Spellbooks, Renounce Religion


You were on level 3 of the Dungeon.
You worshipped Trog.
Trog was pleased with you.
You were not hungry.

You visited 1 branch of the dungeon, and saw 3 of its levels.

You collected 97 gold pieces.


Innate Abilities, Weirdness & Mutations

You are too large for most types of armour.
You have tough skin. (AC +1)


   Skills:
 + Level 4.8 Fighting
 + Level 3.6 Axes
 + Level 1.3 Armour
 + Level 3.2 Dodging
 + Level 0.3 Shields


You had 3 spell levels left.
You didn't know any spells.

Inventory:

Hand Weapons
 a - a +0 hand axe (weapon)
Armour
 b - a +0 animal skin (worn)
 f - a +0 shield (worn)
Jewellery
 g - an amulet of the acrobat (around neck)
Scrolls
 d - 2 scrolls of amnesia {unknown}
 e - 2 scrolls of identify {unknown}
 h - 2 scrolls of teleportation {unknown}
Comestibles
 c - 8 rations

Dungeon Overview and Level Annotations

Branches:
Dungeon (3/15)

Altars:
Vehumet

.... ... ..▒ .▒. ..
▒.▒▒▒▒...
.....▒▒▒▒▒.▒.....▒
.............▒▒▒>▒
.................▒▒▒.
...▒▒▒▒..▒▒........
......▒.▒▒...▒▒▒.▒▒▒▒▒▒▒▒
......▒.......▒▒O).b....▒
......▒▒........o)8...8..▒
......▒..................£
.........................⌠
.........................£
..................8...8..▒
........................▒▒
▒▒▒▒▒▒▒..........▒▒▒▒▒▒▒▒
▒ ▒▒.)........


You could see an orc and a bat.


Message History

The magic dart hits you!!!
You take 5 damage, and have 40/73 hp!
You completely miss something! You barely miss something! Something hits you!
You hear some strange, mumbled words!
A puff of flame appears from out of thin air!!!
The puff of flame hits you!!! * * * don't die
* * * You take 15 damage, and have 25/73 hp!
MASSIVE DAMAGE!!!!!!
You completely miss something! You closely miss something!
You are no longer berserk!
You are exhausted!
You feel yourself slow down! Something hits you but does no damage!
You now have 17/49 hp!
You bump into the stone wall!
Something hits you but does no damage! Something hits you! * * * don't die
* * * You hear some strange, mumbled words!
A magic dart appears from out of thin air!!!
The magic dart hits you!!! * * * don't die
* * * You take 11 damage, and have 6/49 hp!
MASSIVE DAMAGE!!!!!!
You aren't carrying any potions!
You feel less confused!
The orc hits you with a dagger! * * * don't die
* * * You hear some strange, mumbled words!
A puff of flame appears from out of thin air!!!
The puff of flame hits you!!! rip

Action                   |  1- 3 |  4- 6 || total
-------------------------+-------+-------++-------
Melee: Hand axe          |   100 |    10 ||   110
Invok: Berserk           |     2 |     1 ||     3
  Eat: Chunk             |     2 |       ||     2
       Ration            |     1 |       ||     1
Armor: Animal skin       |    33 |     9 ||    42
Dodge: Dodged            |    57 |     7 ||    64
Block: Shield            |     1 |     4 ||     5

Vault maps used:
D:1:      dpeg_arrival_houses_and_road, minmay_octomino_e4
D:2:      vehumet_crystals, first_ration
D:3:      cheibrodos_pilgrimage

Notes
Turn   | Place    | Note
-------+----------+-------------------------------------------
     0 | D:1      | rlgrobin the Ogre Berserker began the quest for the Orb.
     0 | D:1      | Reached XP level 1. HP: 24/24 MP: 1/1
   140 | D:1      | Reached XP level 2. HP: 25/32 MP: 2/2
   436 | D:1      | Reached skill level 3 in Dodging
   444 | D:1      | Reached XP level 3. HP: 30/40 MP: 3/3
   525 | D:1      | Reached skill level 1 in Armour
   534 | D:1      | Reached ** piety under Trog
   975 | D:2      | Found a radiant altar of Vehumet.
  1695 | D:3      | Reached XP level 4. HP: 49/49 MP: 4/4
  1732 | D:3      | Killed from afar by an orc wizard

Vanquished Creatures
  An orc priest (D:3)
  An adder (D:2)
  3 dart slugs (D:1)
  A leopard gecko (D:1)
  An orc (D:3)
  3 giant cockroaches (D:1)
  5 hobgoblins (D:1)
  6 jackals (D:1)
  5 kobolds (D:1)
  2 bats
  2 frilled lizards (D:1)
  5 goblins
  5 rats
40 creatures vanquished.
